[Event "Superbet Blitz Poland 2022"]
[Site "Warsaw"]
[Date "2022.05.23"]
[Round "12.4"]
[White "Duda, Jan-Krzysztof"]
[Black "Caruana, Fabiano"]
[Result "0-1"]
[ECO "A21"]
[WhiteElo "2750"]
[BlackElo "2786"]
[Annotator "TA"]
[PlyCount "118"]
[EventDate "2022.05.22"]
[EventType "tourn"]
[EventCountry "POL"]
[SourceTitle "playchess.com"]
[Source "ChessBase"]
[SourceQuality "1"]
[TimeControl "300+2"]

1. c4 e5 2. Nc3 Bb4 3. Nd5 Be7 4. d4 d6 5. Nf3 e4 6. Nd2 {[%emt 0:00:02] A21: English Opening: 1...e5 2 Nc3.} f5 7. e3 c6 $5 {[%emt 0:00:01][%mdl 4] Exploring less charted territory.} 8. Nxe7 {[%emt 0:00:03] White has an edge.} Nxe7 {[%emt 0:00:02] [#]} 9. f4 $146 ({Predecessor:} 9. b3 O-O 10. Be2 Nd7 11. O-O Nf6 12. Ba3 Be6 13. Rc1 Qd7 14. d5 cxd5 15. cxd5 Nexd5 {0-1 (60) So,W (2778)-Caruana,F (2781) Saint Louis 2022}) 9... exf3 10. Nxf3 O-O 11. Bd3 Nd7 12. O-O Nf6 13. Qc2 Ne4 14. b3 Ng6 15. Ba3 Qe7 16. Nd2 Nxd2 (16... Qg5 17. Nxe4 fxe4 18. Bxe4 $16) 17. Qxd2 Bd7 18. Rae1 b6 19. Qf2 c5 20. Qg3 Rf7 21. Bb2 Raf8 22. Be2 Bc6 23. Bh5 ({White should play} 23. d5 $16 Be8 24. Bh5) 23... Be4 $14 24. dxc5 bxc5 (24... dxc5 $11 25. Rd1 (25. Bxg6 hxg6 26. Rd1 Rd8 $11) 25... f4 26. exf4 Rxf4) 25. Rd1 (25. Rf2 $16) 25... Rd8 (25... f4 $11 26. exf4 Rxf4) 26. Bxg6 ({White should try} 26. Rf2 $16) 26... hxg6 $11 27. Qxg6 f4 {[%emt 0:01:03] Prevents Qg3.} (27... Bc2 $11 28. Rde1 d5) 28. Qg4 $14 f3 29. gxf3 Bf5 30. Qg3 {[%emt 0:00:08] [#] Strongly threatening e4.} Qxe3+ 31. Kh1 Bd3 32. Rg1 (32. Bc1 $14 {keeps the upper hand.} Qe2 33. Rfe1 Qxf3+ 34. Qxf3 Rxf3 35. Bg5) 32... Be2 $19 33. Rdf1 Rdd7 ({Not} 33... Bxf3+ 34. Rxf3 Qxf3+ 35. Qxf3 Rxf3 36. Rxg7+ Kf8 37. Rg2 $17) (33... Bxf1 $142 34. Rxf1 Re8) 34. f4 Qe4+ 35. Qg2 Qxg2+ 36. Kxg2 Bxf1+ 37. Rxf1 {[%emt 0:00:01][%mdl 4096] Endgame KRR-KRB} d5 38. cxd5 Rxd5 39. Be5 Rd2+ 40. Kg3 Rxa2 41. Rc1 Ra5 42. Kg4 Rb7 43. Rc3 Kf7 44. h4 Rab5 45. h5 a5 46. Kg5 (46. Rc2 {was worth a try.}) 46... Rxb3 47. Rxc5 {[%emt 0:00:01] [#]} Ra7 (47... R3b5 $1 $19 {[%cal Rb5c5] is more deadly.} 48. Rc6 R5b6) 48. f5 $2 (48. Bd4 $17 Rd7 49. Be5) 48... a4 49. Rc8 Rd3 {[%emt 0:00:10] Prevents Bd6.} 50. Rh8 Rd5 $2 (50... Ra5 51. Bc7 Rc5) 51. Ba1 (51. Bc3) 51... Raa5 52. Kg4 Rxf5 {[%emt 0:00:01] ...a3 is the strong threat.} 53. h6 gxh6 {[%emt 0:00:02] ( -> ...Rf1)} 54. Rxh6 Rf1 55. Rh7+ Ke6 (55... Kg6 $142 56. Rg7+ Kh6 57. Bd4 Rd5 58. Kh3 Rxd4 59. Rg3 Rdf4 60. Rg8 R4f3+ 61. Kh2 R3f2+ 62. Kh3 Rh1+ 63. Kg3 Rg1+ 64. Kxf2 Rxg8 65. Ke3 a3 66. Ke4 a2 67. Kd5 a1=Q 68. Ke4 Qd1 69. Ke3 Re8+ 70. Kf2 Qe2+ 71. Kg3 Re3+ 72. Kh4 Qh5#) 56. Bc3 Rc5 57. Bh8 Ra5 58. Bc3 $1 Ra8 59. Rh6+ Kd5 {[%emt 0:00:01] Weighted Error Value: White=0.76/Black=0.48} 0-1

[Event "Superbet Blitz Poland 2022"]
[Site "Warsaw"]
[Date "2022.05.23"]
[Round "12.5"]
[White "Wojtaszek, Radoslaw"]
[Black "Rapport, Richard"]
[Result "0-1"]
[ECO "A73"]
[WhiteElo "2696"]
[BlackElo "2776"]
[Annotator "TA"]
[PlyCount "136"]
[EventDate "2022.05.22"]
[EventType "tourn"]
[EventCountry "POL"]
[SourceTitle "playchess.com"]
[Source "ChessBase"]
[SourceQuality "1"]
[TimeControl "300+2"]

1. d4 e6 2. c4 c5 3. d5 exd5 4. cxd5 d6 5. Nc3 g6 6. e4 Bg7 7. Be2 Nf6 8. Nf3 Bg4 9. Nd2 Bxe2 10. Qxe2 O-O 11. O-O Nbd7 {[%emt 0:00:13] has lost popularity (11...Re8).} 12. Nc4 {[%emt 0:00:02] A73: Modern Benoni: Classical: Unusual Black 9th moves.} Nb6 13. Ne3 Re8 {[%emt 0:00:07] [#]} 14. Qc2 $146 {[%emt 0:00:05] White is slightly better.} ({Predecessor:} 14. f3 h5 15. Qf2 Nfd7 16. Kh1 Ne5 17. Rd1 c4 18. Qe2 Rc8 19. a4 a5 20. Nb5 {0-1 (42) Aura,K (1986)-Karvinen,K (1976) Helsinki 2013}) 14... c4 15. a4 Rc8 16. a5 Nbd7 17. Ra4 (17. f3 $142) 17... Nc5 $11 18. Rxc4 {[%emt 0:00:12] [#]} Ncxe4 $1 19. Nxe4 Nxe4 {[%emt 0:00:03][%mdl 64] Pin} 20. Rxc8 Qxc8 21. Qb3 h5 22. h3 Re7 23. Qd3 Qc5 24. a6 bxa6 25. Qxa6 Rc7 26. Qd3 f5 (26... Qb4 $17) 27. b3 (27. g4 $1 $11) 27... Qc3 $17 {[%emt 0:00:40] 0x0.001259254c29dp-1022s more active pieces.} 28. Qb5 Kh7 29. Nc4 {[%emt 0:00:07] [#]} Bd4 (29... Nxf2 $1 $17 30. Bb2 (30. Kxf2 $2 Bd4+ 31. Ne3 f4 $19) (30. Qb8 $2 Re7 $19) 30... Nxh3+ $1 31. Kh2 Be5+ 32. Nxe5 Qxb2 33. Nxg6 Qf6 34. Nf8+ (34. Qb8 Rf7 $17) 34... Qxf8) 30. Bb2 $11 Qd3 31. Bxd4 Qxd4 32. Qa5 (32. Qb8 $5 Rf7 33. Qe8 (33. Nxd6 $2 Qe5 $19) 33... Qxd5 34. f3 $11) 32... Rb7 33. Qd8 Qxd5 34. Re1 (34. Qa8 $11) 34... Qc5 35. Re3 d5 36. Ne5 d4 $36 {[%emt 0:00:06][%mdl 2048] Black is in control.} 37. Nd7 $2 (37. Qe8 Qd6 38. Nc4) 37... Qd6 ({Weaker is} 37... dxe3 38. Nxc5 Nxc5 39. fxe3 $16) 38. Nf8+ Kg8 $1 39. Qe8 (39. Qxd6 $142 Nxd6 40. Re6) 39... Qxf8 (39... dxe3 $142 40. fxe3 Qxf8 41. Qxg6+ Rg7) 40. Qxg6+ $19 Rg7 41. Qe6+ Kh7 42. Rf3 Ng5 43. Qxf5+ Qxf5 44. Rxf5 {[%emt 0:00:01][%mdl 4096] Endgame [#] KRN-KR} d3 (44... Rd7 $142 $1 45. Kf1 {[#]} (45. Rxg5 d3) 45... d3 $1) 45. Rd5 d2 $2 (45... Nxh3+ 46. Kf1 Nf4) 46. Kf1 (46. Kh2 $142) 46... Ne4 47. f3 Rf7 {[%emt 0:00:03] aiming for ...h4.} 48. Rd4 $2 (48. h4) 48... Rf6 49. Ke2 Nc5 (49... Ng3+ {with more complications.} 50. Kf2 Nh1+ 51. Ke3 Re6+) 50. Rxd2 Nxb3 ({Black should play} 50... Rg6 $17 51. Kf2 Nxb3 52. Rd7+ Rg7) 51. Rd7+ $15 Kh6 {[%emt 0:00:00] ...a5 is the strong threat.} 52. Rxa7 Nd4+ 53. Kf2 h4 54. Ra4 Nf5 55. Rf4 Kg5 56. Rg4+ Kh5 57. Rf4 Rf7 58. Kg1 Kg5 59. Rg4+ Kf6 60. Re4 Rb7 61. Re2 Kg5 62. Kf2 Rb4 {[%emt 0:00:02] Strongly threatening ...Kf4.} 63. Ra2 $2 {[%emt 0:00:04][%mdl 8192] Now White is beyond hope.} (63. Re4 $17 Rb2+ 64. Kg1) 63... Kf4 $19 {[%emt 0:00:01] Threatens to win with ...Ng3.} 64. Rd2 Ne3 $2 {[%emt 0:00:06] Inhibits Rc2.} (64... Rc4 {( -> ...Ne3)} 65. Re2 Ng3) 65. Ra2 $2 (65. Re2 $19 Rb2 66. Rxb2 Nd1+ 67. Ke2 Nxb2 68. Kd2) 65... Rc4 66. Rd2 Rc2 {[%emt 0:00:03] Black mates.} 67. Rxc2 Nxc2 68. Kg1 Kg3 {[%emt 0:00:00] Weighted Error Value: White=0.93/Black=0.64} 0-1

[Event "Superbet Blitz Poland 2022"]
[Site "Warsaw"]
[Date "2022.05.23"]
[Round "13.1"]
[White "Wojtaszek, Radoslaw"]
[Black "Aronian, Levon"]
[Result "1/2-1/2"]
[ECO "D27"]
[WhiteElo "2696"]
[BlackElo "2765"]
[Annotator "TA"]
[PlyCount "69"]
[EventDate "2022.05.22"]
[EventType "tourn"]
[EventCountry "POL"]
[SourceTitle "playchess.com"]
[Source "ChessBase"]
[SourceQuality "1"]
[TimeControl "300+2"]

1. d4 d5 2. c4 dxc4 3. e3 Nf6 4. Bxc4 e6 5. Nf3 c5 6. O-O a6 7. Nc3 b5 8. Be2 Nbd7 {[%emt 0:00:11] D27: Queen's Gambit Accepted: Classical main line: 7 e4!? and 7 a4.} 9. d5 exd5 10. Nxd5 Bb7 {[%emt 0:00:01] White is slightly better.} 11. e4 (11. Nxf6+ $14 Qxf6 12. Qc2) 11... Bxd5 (11... Nxd5 $11 12. exd5 Bd6) 12. exd5 $14 Bd6 13. a4 {[%emt 0:00:05] [#]} c4 $146 (13... bxa4 $11 14. Rxa4 (14. Qxa4 O-O $14) 14... Nb6) ({Predecessor:} 13... b4 14. Bxa6 O-O 15. Bb5 Ne5 16. Bg5 h6 17. Bh4 Nxf3+ 18. Qxf3 Be5 {1-0 (75) Hoeksema,H (2405)-Hartmans,E (2250) Netherlands 1994}) 14. Nd4 $16 O-O $1 15. axb5 axb5 16. Rxa8 Qxa8 17. Nxb5 Bxh2+ {[%emt 0:00:02][%mdl 64] Decoy} 18. Kxh2 Qb8+ 19. d6 Qxb5 20. Qd4 (20. Kg1 $14) 20... Rc8 (20... Re8 $1 $11 {remains equal.} 21. Be3 (21. Bxc4 $2 Qh5+ 22. Kg1 Re4 $19) 21... Re4) 21. Bf4 (21. Be3 $16) 21... Qf5 (21... Re8 $1 $11 22. Be3 (22. Qxc4 $2 Qxc4 23. Bxc4 Re4 $19) (22. Bxc4 $2 Qh5+ 23. Kg1 Re4 $19) 22... Re4) 22. Bxc4 Ne4 23. Bg3 {[%emt 0:00:15] Active counter play!} Ndf6 24. Kg1 $36 {[%emt 0:00:13][%mdl 2048] Black must now prevent Bd3. White is on the roll.} h5 $2 (24... Nxg3 $16 {was worth a try.} 25. fxg3 Qd7) 25. Re1 $2 (25. Bd3 $18) 25... Qg4 $2 (25... Nxg3 $16 26. fxg3 Rd8) 26. d7 (26. Be5 $18 {and White stays clearly on top.} Nxd6 27. Qxd6 Rxc4 28. Bxf6 gxf6 29. Qxf6 (29. Re8+ Kg7 $14)) 26... Rd8 27. Bb5 {[%emt 0:00:32] A strong pair of Bishops.} h4 (27... Nxg3 $16 {was called for.} 28. Qb6 Rxd7 29. Bxd7 (29. Qb8+ Kh7 $11) 29... Nxd7 30. Qd8+ Kh7) 28. Qb6 hxg3 29. Qxd8+ Kh7 30. f3 (30. fxg3 $1 $18 {aiming for Qe7.} Qxg3 31. Rxe4 $1 (31. Re2 Qd6 $11) (31. Qa5 $2 Qf2+ 32. Kh1 Ng3+ 33. Kh2 Qf4 $19) 31... Nxe4 32. Qb6) 30... Qh5 {[%emt 0:00:07] [#] ( -> ...Qc5+)} 31. fxe4 (31. Bd3 {gets mated.} Qh2+ 32. Kf1 Qh1+ 33. Ke2 Qxg2+ 34. Ke3 Qf2+ 35. Kf4 g5+ 36. Kf5 Qc5#) (31. Qb6 $1 $16 Nxd7 32. Bxd7 Qh2+ 33. Kf1 Nd2+ 34. Ke2 Qxg2+ 35. Kd3 Nxf3 36. Bf5+ (36. Re2 Qf1 $16) 36... g6 {[#]} 37. Bxg6+ $1 (37. Re2 Qf1 $16) (37. Re7 Qd2+ 38. Kc4 Qf4+ 39. Kb3 Qxf5 $17) 37... Kg7 38. Re7 (38. Re2 Qf1 $11) 38... Qd2+ 39. Kc4 Qf4+ 40. Kb3 (40. Be4 Qc1+ 41. Kd3 Qf1+ 42. Kc3 Qe1+ 43. Kc2 Qe2+ 44. Kc3 Qe1+ 45. Kd3 Qf1+ 46. Kc3 Qe1+ $11)) 31... Qc5+ $11 {[%emt 0:00:13] The position is equal.} 32. Kh1 Qh5+ 33. Kg1 Qc5+ 34. Kh1 Qh5+ 35. Kg1 {[%emt 0:00:46] Weighted Error Value: White=0.45/Black=0.50} 1/2-1/2

[Event "Superbet Blitz Poland 2022"]
[Site "Warsaw"]
[Date "2022.05.23"]
[Round "13.2"]
[White "Rapport, Richard"]
[Black "Duda, Jan-Krzysztof"]
[Result "0-1"]
[ECO "C47"]
[WhiteElo "2776"]
[BlackElo "2750"]
[Annotator "TA"]
[PlyCount "108"]
[EventDate "2022.05.22"]
[EventType "tourn"]
[EventCountry "POL"]
[SourceTitle "playchess.com"]
[Source "ChessBase"]
[SourceQuality "1"]
[TimeControl "300+2"]

1. e4 e5 2. Nf3 Nc6 3. Nc3 Nf6 4. a4 d5 5. Bb5 {[%emt 0:00:02] [#]} d4 $146 ({Predecessor:} 5... Nxe4 6. Nxe5 Qf6 7. Nf3 Be6 8. Qe2 Qg6 9. Nh4 Qf6 10. Nf3 Qg6 11. Nxe4 dxe4 {0-1 (41) Van Foreest,J (2629)-Smeets,J (2608) Amstelveen 2017}) 6. Ne2 {[%emt 0:00:02] C47: Scotch Four Knights and Four Knights with 4 g3.} Bd6 7. d3 Bd7 8. Ng3 {[%emt 0:00:10] The position is equal.} a6 9. Bc4 h6 10. O-O O-O 11. Bd2 Re8 12. h3 Be6 13. Bxe6 Rxe6 14. a5 Bf8 15. Nh2 g6 16. Kh1 Bg7 17. f4 exf4 18. Bxf4 h5 19. Nf3 Nd7 20. Ne2 Nde5 21. Qe1 (21. Bxe5 $16 Bxe5 22. c3) 21... Nxf3 22. gxf3 Qd7 23. Qg3 {[%emt 0:00:05] [#]} (23. Bd2 $11 {keeps the balance.}) 23... Nb4 $1 $17 24. Rac1 Rc6 25. Rg1 Nxc2 ({Black should try} 25... Rc5 $19 26. Rg2 Rxc2 27. Rxc2 Nxc2) 26. h4 (26. Bd2 $17) 26... Nb4 $19 27. Rxc6 Qxc6 (27... Nxc6 $2 28. Bxc7 Nb4 29. Nc1 $19) 28. Be5 Nxd3 29. Bxg7 Kxg7 30. Nxd4 Qf6 31. Nf5+ Kh7 32. Ne3 Qxb2 {[%emt 0:00:35] aiming for ...Nf2+.} 33. Qxc7 Nf2+ 34. Kh2 {[%emt 0:00:03] [#]} Ng4+ $1 35. Kh3 Nxe3 (35... Qb3 $2 36. fxg4 Qxe3+ 37. Kh2 Qf2+ 38. Kh3 $19) 36. Qxf7+ Qg7 37. Qb3 (37. Qxg7+ Kxg7 38. Rc1) 37... Qd7+ 38. Kg3 Qc7+ 39. f4 Ng4 40. Rb1 Rd8 $2 (40... Kh6 {( -> ...Qc5)} 41. Rf1 Rd8) 41. Qxb7 Rd3+ 42. Kg2 Qxb7 43. Rxb7+ {[%emt 0:00:01][%mdl 4096] Endgame KRN-KR} Kh6 44. Rb6 Rd2+ $2 (44... Re3 $19 45. f5 Rxe4) 45. Kg3 Rd3+ $2 (45... Kg7 $15 46. Rxa6 Rd3+ 47. Kg2 Nf6 48. Ra7+ Kf8 49. Ra8+ Kf7 50. Ra7+ Kf8) 46. Kg2 Kg7 $2 (46... Re3 $19 47. f5 Rxe4) 47. Rxa6 $15 Nf6 48. Ra7+ Kf8 49. a6 Ra3 ({Don't play} 49... Nxe4 50. Rb7 $16) 50. e5 (50. Ra8+ $15 Kf7 51. a7) 50... Nd5 $19 51. Kh2 $2 (51. Kf2 Nxf4 52. Kg1) 51... Nxf4 {[%emt 0:00:01] And now ...Ke8 would win. Black is clearly winning.} 52. Ra8+ Kf7 53. a7 Ne6 54. Kg2 Nc7 {[%emt 0:00:06] Weighted Error Value: White=0.68/Black=0.36} 0-1

[Event "Superbet Blitz Poland 2022"]
[Site "Warsaw"]
[Date "2022.05.23"]
[Round "13.3"]
[White "Caruana, Fabiano"]
[Black "Korobov, Anton"]
[Result "1-0"]
[ECO "E73"]
[WhiteElo "2786"]
[BlackElo "2671"]
[Annotator "TA"]
[PlyCount "87"]
[EventDate "2022.05.22"]
[EventType "tourn"]
[EventCountry "POL"]
[SourceTitle "playchess.com"]
[Source "ChessBase"]
[SourceQuality "1"]
[TimeControl "300+2"]

1. c4 Nf6 2. Nc3 g6 3. e4 d6 4. d4 Bg7 5. Be2 O-O 6. Be3 Nbd7 7. h4 c5 {[%emt 0:00:10] E73: King's Indian: Averbakh Variation without 6...c5.} 8. d5 b5 9. cxb5 a6 {[%emt 0:00:02] White is slightly better.} 10. a4 Qa5 11. Bd2 $1 axb5 12. Nxb5 Qb6 13. Qc2 Ba6 $1 14. Nf3 {[%emt 0:00:40] [#]} Ne8 $146 (14... Bxb5 $11 15. Bxb5 Qxb5 16. axb5 Rxa1+ 17. Bc1 Nxe4) ({Predecessor:} 14... Nxe4 15. Qxe4 Bxb5 16. Bxb5 Qxb5 17. axb5 Rxa1+ 18. Ke2 Rxh1 19. Qxe7 Nf6 20. Qxd6 Rb1 {0-1 (29) Coleman,T (2333)-Bernadskiy,V (2619) Chess.com INT 2020}) 15. O-O $16 Nc7 16. Nxc7 Qxc7 17. Bxa6 Rxa6 18. b4 Bxa1 $11 19. Rxa1 Rb8 $1 20. Nd4 Qb7 (20... Qc8 $11 {keeps the balance.} 21. b5 cxd4 22. Qxc8+ Rxc8 23. bxa6 Nc5) 21. Nc6 $16 cxb4 22. Nxe7+ Kf8 (22... Kg7 $16) 23. Nc6 $18 Rc8 24. Qb2 {[%emt 0:00:24][%cal Rb2h8] Inhibits Ne5.} ({Don't take} 24. Bxb4 $6 Raxc6 25. dxc6 Qxb4 $14) 24... f6 25. Bxb4 Kf7 {[%emt 0:00:01] [#]} (25... Kg7 $16 {is a better defense.}) 26. Qd4 $2 (26. Qa2 $1 $18) 26... Ne5 $11 27. Bc3 {[%emt 0:00:01] Threatens to win with f4. 0x0.001ab50df5fddp-1022s more active pieces.} Qb6 {[%emt 0:00:17] White stays focused until the end.} (27... Ke8 $1 $11) 28. Qxb6 $16 {[%emt 0:00:02] Dancing on a razor blade.} ({But not} 28. Nxe5+ $6 dxe5 29. Qxb6 Rxb6 $11) 28... Rxb6 29. Bxe5 dxe5 {[%emt 0:00:24][%mdl 4096] Endgame KRR-KRN} 30. a5 Ra6 (30... Rb3 $16 {might work better.} 31. a6 Ra8) 31. Rb1 $18 Rc7 {[%emt 0:00:08] Against Rb7} 32. g4 {[%emt 0:00:11] [#] Strongly threatening Rb6.} h5 33. g5 {[%emt 0:00:03] Rb6 is the strong threat.} fxg5 $2 (33... Rcxc6 34. Rb7+ Kf8) 34. hxg5 Rcxc6 35. dxc6 Rxa5 {[%emt 0:00:08] KR-KR} 36. Rc1 {[%emt 0:00:05] White threatens c7 and mate.} Ra8 37. c7 Rc8 38. Rc6 (38. Kh2 $142 Ke6 39. Rc6+ Kf7 40. Kg3) 38... Kg7 39. Kg2 {[%emt 0:00:04][%cal Of2f4] And now f4! would win.} Kf7 40. Kg3 Kg7 41. f4 {[%emt 0:00:03] White mates.} exf4+ 42. Kxf4 Kf7 43. Ke5 h4 44. Kd6 {[%emt 0:00:02] Weighted Error Value: White=0.28 (precise) /Black=0.51} 1-0

[Event "Superbet Blitz Poland 2022"]
[Site "Warsaw"]
[Date "2022.05.23"]
[Round "13.4"]
[White "So, Wesley"]
[Black "Gavrilescu, David"]
[Result "1-0"]
[ECO "D35"]
[WhiteElo "2766"]
[BlackElo "2518"]
[Annotator "TA"]
[PlyCount "127"]
[EventDate "2022.05.22"]
[EventType "tourn"]
[EventCountry "POL"]
[SourceTitle "playchess.com"]
[Source "ChessBase"]
[SourceQuality "1"]
[TimeControl "300+2"]

1. c4 e6 2. Nc3 d5 3. d4 Nf6 4. cxd5 exd5 5. Bg5 Bb4 6. e3 h6 7. Bh4 g5 {[%emt 0:00:02] D35: Queen's Gambit Declined: Exchange Variation.} 8. Bg3 Ne4 9. Nge2 h5 {[%emt 0:00:02] White is slightly better.} 10. h4 Nxg3 11. Nxg3 gxh4 12. Nxh5 Qg5 {[%emt 0:00:04] [#]} 13. Nf4 (13. Qa4+ $1 $16 Nc6 14. Nf4) 13... c6 $1 $11 {[%emt 0:00:01] [#]} 14. Qa4 $146 ({Predecessor:} 14. Bd3 Bd6 15. Nce2 Bg4 16. f3 Be6 17. Qb3 b5 18. g4 h3 19. Rh2 Qh4+ 20. Kd2 {1-0 (63) Sturua,Z (2525)-Furman,B (2225) Porto 2014}) 14... Bxc3+ (14... Bd6 $11) 15. bxc3 $14 Bf5 (15... Nd7 $16) 16. Qb4 (16. Nxd5 $18 {aiming for Nc7+.} Qd8 17. Nf4) 16... b6 $16 17. c4 dxc4 18. Qxc4 Rh6 19. Be2 Be4 20. Bf3 Bxf3 21. gxf3 Nd7 22. Ke2 Qf5 23. a4 Kf8 ({Black should play} 23... Rb8 $14) 24. Rag1 {[%emt 0:00:12][%cal Ba1g1,Bg1g4,Bg4f4,Bf4c4,Bc4c6][%mdl 32] White is more active.} Re8 (24... b5 $142 25. axb5 Qxb5 26. Qxb5 cxb5) 25. Rg4 h3 26. Rxh3 Rxh3 27. Nxh3 {[%emt 0:00:01] Dancing on a razor blade.} c5 {[%emt 0:00:01] [#]} (27... Nf6 $16 28. Rh4 (28. Rf4 Qd5 $16) 28... Qd5) 28. Rf4 $1 $18 Qe6 {[%emt 0:00:11] [#]} 29. dxc5 $1 Qxc4+ $16 30. Rxc4 Nxc5 $18 {[%emt 0:00:01][%mdl 4096] Endgame KRN-KRN} 31. Ng5 Ke7 32. Ne4 Ne6 33. f4 f5 34. Ng3 Kf6 (34... Rf8 $16) 35. Rc6 {[%emt 0:00:08] Threatens to win with Kf3.} Rd8 (35... Rf8 $16 {was necessary.} 36. a5 Ke7) 36. e4 Kf7 {[%emt 0:00:28] And now ...Nd4+ would win.} 37. Nxf5 Nxf4+ 38. Ke3 Ne6 39. Nd6+ Ke7 40. Nf5+ Kf7 $1 41. Nd6+ Ke7 $1 42. Nb5 Rd7 (42... Rd1 $16 {keeps fighting.}) 43. Nc3 Nc5 $2 (43... Rd8 {might work better.} 44. Nb5 Rd1) 44. Nd5+ Kf7 45. a5 Ne6 46. axb6 axb6 47. Rxb6 Ra7 48. Rc6 Ra3+ 49. Rc3 Ra4 50. f4 Ra5 (50... Kg7 $142 51. Rc8 Ra3+ 52. Nc3 Ra7) 51. f5 Nc5 52. Kf4 (52. Kd4 $142 Nd7 53. Rc7 Ra4+ 54. Ke3 Ra3+ 55. Kf4) 52... Nd7 53. Rc7 Ke8 54. Rc8+ (54. f6 $142 Nc5 55. Kf5) 54... Kf7 55. Rd8 (55. Rc6 $142 Nc5 56. e5 Nd3+ 57. Ke4 Nc5+ 58. Ke3) 55... Nc5 56. Rc8 $2 (56. Rh8 $18) 56... Nd3+ $2 (56... Nd7 $11 57. Rc7 Ke8) 57. Ke3 Ne5 58. Rc7+ Kf8 59. Kf4 Nf7 60. f6 {[%emt 0:00:02] White threatens Rc8+ and mate.} Nd6 {[%emt 0:00:02] Prevents Rc8+.} 61. Ke5 Nf7+ 62. Ke6 {[%emt 0:00:01] Rc8+ would kill now.} Ng5+ {[%emt 0:00:01] [#]} 63. Kf5 $1 Nf7 64. Rc8+ {[%emt 0:00:01] Weighted Error Value: White=0.56/Black=0.35} 1-0

[Event "Superbet Blitz Poland 2022"]
[Site "Warsaw"]
[Date "2022.05.23"]
[Round "13.5"]
[White "Anand, Viswanathan"]
[Black "Shevchenko, Kirill"]
[Result "1-0"]
[ECO "B50"]
[WhiteElo "2751"]
[BlackElo "2644"]
[Annotator "TA"]
[PlyCount "93"]
[EventDate "2022.05.22"]
[EventType "tourn"]
[EventCountry "POL"]
[SourceTitle "playchess.com"]
[Source "ChessBase"]
[SourceQuality "1"]
[TimeControl "300+2"]

1. e4 c5 2. Nf3 d6 3. Bc4 Nf6 4. d3 e6 5. O-O g6 6. Re1 {[%emt 0:00:04] B50: Sicilian: 2...d6, Miscellaneous.} Bg7 7. c3 O-O 8. Bb3 {[%emt 0:00:00] [#] The position is equal.} b6 $146 ({Predecessor:} 8... b5 9. d4 Bb7 10. Bc2 Nc6 11. a3 Qc7 12. Be3 Ng4 13. dxc5 Nxe3 14. Rxe3 dxc5 {0-1 (54) Marczuk,A (1802)-Dordzhieva,D (2128) Budva 2013}) 9. d4 Bb7 10. Bc2 Nc6 11. a3 Rc8 12. h3 Qc7 13. Bd3 a6 14. Be3 Rfd8 15. Nbd2 b5 16. b4 c4 17. Bc2 a5 18. Nf1 Ra8 19. Rc1 axb4 20. axb4 Ra3 21. Bb1 Ne7 22. Ng3 Rda8 23. Bf4 Qb6 24. Qd2 Nd7 25. Bg5 ({Better is} 25. h4 $14) 25... f6 26. Bh6 Qc7 27. h4 Nf8 28. h5 g5 $2 {[%emt 0:00:09] White now steadily converts the win.} (28... e5 $14) 29. Bxg7 $18 Kxg7 30. e5 dxe5 31. dxe5 Bxf3 32. gxf3 {[%emt 0:00:15] Hoping for exf6+.} ({Weaker is} 32. exf6+ Kxf6 33. gxf3 Qf4 $14) 32... f5 (32... h6 {might work better.}) 33. Qxg5+ Kh8 34. Red1 (34. Qf6+ $18 Kg8 35. Rcd1 (35. h6 Nd5 $15) 35... Rxc3 36. Qg5+ (36. h6 Neg6 $18) 36... Kf7 37. h6) 34... R3a6 $2 (34... Nd5 $16) 35. f4 Ng8 36. Rd4 ({White should play} 36. Kh2 $18) 36... Re8 37. Rcd1 Re7 $2 (37... h6 {was necessary.} 38. Qh4 Rea8) 38. h6 (38. Rd8 Rg7 39. Qh4 Rg4 40. Qxg4 fxg4 $18) 38... Ra8 {[%emt 0:00:04] Against Rd8} 39. Rd6 Rae8 {[%emt 0:00:01] [#]} 40. Bxf5 $1 exf5 41. Nxf5 Ng6 $2 (41... Rf7 42. Qg7+ Rxg7+ 43. hxg7+ Qxg7+ 44. Nxg7 Kxg7) 42. Nxe7 Rxe7 (42... Qxe7 $18 43. Kf1 Qxg5 44. fxg5 Rxe5) 43. Rd8 {[%emt 0:00:03] White mates.} Rf7 44. e6 Rxf4 45. R1d7 Qc6 46. Qxf4 Nxf4 {[%emt 0:00:01] [#]} 47. Rxg8+ $1 {[%emt 0:00:02][%mdl 576] Back Rank, Clearance.  Weighted Error Value: White=0.19 (very precise) /Black=0.45} 1-0

[Event "Superbet Blitz Poland 2022"]
[Site "Warsaw"]
[Date "2022.05.23"]
[Round "14.1"]
[White "Aronian, Levon"]
[Black "Anand, Viswanathan"]
[Result "1-0"]
[ECO "C49"]
[WhiteElo "2765"]
[BlackElo "2751"]
[Annotator "TA"]
[PlyCount "73"]
[EventDate "2022.05.22"]
[EventType "tourn"]
[EventCountry "POL"]
[SourceTitle "playchess.com"]
[Source "ChessBase"]
[SourceQuality "1"]
[TimeControl "300+2"]

1. e4 e5 2. Nf3 Nf6 3. Nc3 Nc6 4. Bb5 Bb4 5. O-O O-O 6. Bxc6 dxc6 7. d3 Nd7 {[%emt 0:00:04] C49: Four Knights: 4 Bb5 Bb4.} 8. Kh1 $5 {[%emt 0:00:06][%mdl 4] [#] An interesting side line.} Re8 $146 ({Predecessor:} 8... f6 9. Ne2 Re8 10. Nfg1 Nf8 11. g3 Bg4 12. f3 Bh5 13. Be3 Bd6 14. Rf2 c5 15. Qf1 {1-0 (42) Schubert,H-Estrin,Y ICCF corr 1960}) 9. Rg1 Nf8 {[%emt 0:00:12] The position is equal.} 10. g4 Bd6 11. Qf1 a5 12. a4 Bd7 13. Qh3 b5 14. Qh5 Qf6 15. Rg3 Bc5 16. Be3 Bxe3 (16... g6 {keeps more tension.} 17. Qh6 Bxg4 18. Nd2 Bxe3 19. fxe3 Be6) 17. fxe3 b4 18. Ne2 c5 19. b3 c4 (19... g6 $5 20. g5 Qb6 $11) 20. bxc4 Rab8 21. Nc1 Qb6 22. Nb3 (22. Nxe5 Qf6 23. d4 g6 $15) 22... Qxe3 {[%emt 0:00:32] This move loses the game for Black.} (22... Qf6 $16 {keeps fighting.}) 23. Nxe5 $18 {[%emt 0:00:06] Pair of Knights!} Qf4 24. Nxd7 Nxd7 25. Qf5 (25. Nxa5 $2 Re5 26. g5 Rxa5 $19) 25... Qd6 26. Rf1 (26. Qxa5 c5 27. Rg2 f6 $15) (26. Nxa5 $2 Re5 27. c5 Rxf5 28. cxd6 Rxa5 29. dxc7 Rc8 $19) 26... Re7 27. Qd5 (27. Nxa5 Ra8 28. Qb5 (28. Rh3 h6 $16) 28... Ne5 $16) 27... Ne5 (27... Qxd5 $142 28. cxd5 Ne5) 28. Qxa5 Qd7 29. Qc5 Nc6 30. Qf5 Qe8 31. g5 ({Don't play} 31. Rh3 h6 32. Qf2 Re5 $18) 31... Ra8 32. Rh3 g6 33. Qf4 ({Much less strong is} 33. Qf6 Qd7 $18) 33... Qf8 34. d4 ({Don't do} 34. Qh4 Qg7 35. Rf6 Ne5) 34... Rxa4 35. e5 Na5 $2 (35... Ra3 36. Qh4 Qg7) 36. Nc5 {[%emt 0:00:10] [#] Threatens to win with Ne4.} Ra2 37. Ne4 {[%emt 0:00:01] Weighted Error Value: White=0.11 (very precise) /Black=0.38} 1-0